 Dungeon Crawl Stone Soup version 0.20.0-10-g0535bb4 (webtiles) character file.

96 Monsterracer the Chopper (level 4, 0/35 HPs)
             Began as a Formicid Monk on June 5, 2017.
             Slain by a worker ant (1 damage)
             ... on level 4 of the Dungeon.
             The game lasted 00:04:34 (2326 turns).

Monsterracer the Chopper (Formicid Monk)            Turns: 2326, Time: 00:04:34

Health: 0/35       AC:  6    Str: 16    XL:     4   Next: 98%
Magic:  4/4        EV: 10    Int:  9    God:
Gold:   84         SH:  0    Dex: 14    Spells: 3/3 levels left

rFire    . . .     SeeInvis +   a - +0 hand axe
rCold    . . .     Gourm    .   (no shield)
rNeg     . . .     Faith    .   l - +0 scale mail
rPois    .         Spirit   .   (helmet unavailable)
rElec    .         Reflect  .   (no cloak)
rCorr    .         Harm     .   (no gloves)
MR       .....                  (no boots)
Stlth    +.........             (no amulet)
Regen    0.2/turn               (no ring)
MPRegen  0.1/turn               (no ring)

@: no status effects
A: permanent stasis, dig shafts and tunnels, four strong arms, antennae 3
a: Dig, Shaft Self


You were on level 4 of the Dungeon.
You were not hungry.

You visited 1 branch of the dungeon, and saw 4 of its levels.

You collected 84 gold pieces.

Inventory:

Hand Weapons
 a - a +0 hand axe (weapon)
Armour
 l - a +0 scale mail (worn)
 m - a +0 chain mail
Scrolls
 d - 2 scrolls of blinking {unknown}
 e - 4 scrolls of identify {unknown}
 f - 2 scrolls of recharging {unknown}
 g - a scroll of magic mapping {unknown}
 h - a scroll of immolation {unknown}
 j - a scroll of noise {unknown}
 k - a scroll of remove curse {unknown}
 n - 3 scrolls of teleportation {unknown}
Comestibles
 b - a meat ration
 c - 2 bread rations
 i - a royal jelly


   Skills:
 - Level 3.2 Fighting
 + Level 5.2 Axes
 - Level 2.6 Dodging
 - Level 2.4 Stealth


You had 3 spell levels left.
You didn't know any spells.

Dungeon Overview and Level Annotations

Branches:
Dungeon (3/15)

Altars:
Dithmenos
Okawaru
Sif Muna
Yredelemnul


Innate Abilities, Weirdness & Mutations

You cannot be hasted, slowed, berserked, paralysed or teleported.
You can dig through walls and to a lower floor.
Your four strong arms can wield two-handed weapons with a shield.
You have a pair of large antennae on your head. (SInv)


Message History

The sky beast flickers out of sight for a moment.
The sky beast flickers out of sight for a moment.
Are you sure you want to shaft yourself?
You feel quite a bit more hungry. The sky beast closely misses you.
You begin to dig a shaft.
You continue digging a shaft.
The sky beast barely misses you. A shaft appears beneath you!
You fall through a shaft!
The shaft crumbles and collapses.
A worker ant comes into view.
You hit the worker ant but do no damage.
The worker ant completely misses you.
You hit the worker ant but do no damage.
The worker ant barely misses you. The worker ant closely misses you.
You closely miss the worker ant. The worker ant bites you.
* * * LOW HITPOINT WARNING * * *
You hit the worker ant.
The worker ant is lightly wounded.
The worker ant bites you.
You die...

..###
.....####
........#
........##
.........##
..........#
..........##
.......@...#
......a....#
...........#
...........#
...........#
..........##
..........#
..........#
.........##


You could see a worker ant.

Vanquished Creatures
  3 adders
  3 dart slugs
  2 leopard geckos (D:1)
  A ball python (D:2)
  2 giant cockroaches
  9 hobgoblins
  6 jackals
  11 kobolds
  5 bats
  4 frilled lizards
  7 goblins
  6 rats
59 creatures vanquished.

Notes
Turn   | Place    | Note
-------+----------+-------------------------------------------
     0 | D:1      | Monsterracer the Formicid Monk began the quest for the Orb.
     0 | D:1      | Reached XP level 1. HP: 18/18 MP: 1/1
    91 | D:1      | Reached XP level 2. HP: 24/24 MP: 2/2
   589 | D:1      | Reached skill level 4 in Axes
   589 | D:1      | Reached XP level 3. HP: 25/29 MP: 3/3
  1557 | D:2      | Reached XP level 4. HP: 25/35 MP: 4/4
  1692 | D:2      | Found an iron altar of Okawaru.
  1692 | D:2      | Found a shadowy altar of Dithmenos.
  1700 | D:2      | Found a basalt altar of Yredelemnul.
  1700 | D:2      | Found a deep blue altar of Sif Muna.
  1995 | D:2      | Reached skill level 5 in Axes
  2285 | D:3      | Noticed a sky beast
  2320 | D:3      | You fall through a shaft!
  2325 | D:4      | HP: 1/35 [worker ant (5)]
  2326 | D:4      | Slain by a worker ant

Skill      XL: |  1  2  3  4 |
---------------+-------------+-----
Axes           | 4 5 |  5.2
Fighting       | |  3.2
Dodging        | |  2.6
Stealth        | |  2.4

Action                   |  1- 3 |  4- 6 || total
-------------------------+-------+-------++-------
Melee: Hand axe          |   129 |    66 ||   195
 Abil: Shaft Self        |       |     1 ||     1
  Use: Potion            |     1 |     2 ||     3
 Stab: Sleeping          |     1 |       ||     1
  Eat: Chunk             |     2 |     3 ||     5
Armor: Robe              |    19 |       ||    19
       Scale mail        |    12 |    27 ||    39
Dodge: Dodged            |    87 |    46 ||   133
